 Dungeon Crawl Stone Soup version 0.21-a0-338-g36cf2fc (webtiles) character file.

320 Monsterracer the Magician (level 6, 0/44 HPs)
             Began as a Gnoll Wizard on Oct 3, 2017.
             Killed by divine providence
             ... invoked by an orc priest
              (12 damage)
             ... on level 3 of the Dungeon.
             The game lasted 00:06:52 (2772 turns).

Monsterracer the Magician (Gnoll Wizard)            Turns: 2772, Time: 00:06:52

Health: 0/44       AC:  4    Str:  9    XL:     6   Next: 46%
Magic:  3/16       EV: 14    Int: 23    God:
Gold:   72         SH:  0    Dex: 13    Spells: 10/19 levels left

rFire    . . .     SeeInvis .   t - +0 spear
rCold    . . .     Gourm    .   (no shield)
rNeg     . . .     Faith    .   a - +0 robe
rPois    .         Spirit   .   w - +0 helmet
rElec    .         Reflect  .   (no cloak)
rCorr    .         Harm     .   c - +0 pair of gloves
MR       .....                  (no boots)
Stlth    +++.......             (no amulet)
HPRegen  0.14/turn              l - ring of wizardry
MPRegen  0.15/turn              (no ring)

@: very slightly contaminated
A: distributed training, fangs 1, strong nose
a: no special abilities


You were on level 3 of the Dungeon.
You were not hungry.

You visited 1 branch of the dungeon, and saw 3 of its levels.

You collected 72 gold pieces.

Inventory:

Hand Weapons
 t - a +0 spear (weapon)
Missiles
 v - 2 throwing nets (quivered)
Armour
 a - a +0 robe (worn)
 b - a +0 hat
 c - a +0 pair of gloves (worn)
 w - a +0 helmet (worn)
Jewellery
 l - a ring of wizardry (left hand)
Scrolls
 e - a scroll of noise {unknown}
 g - a scroll of fear {unknown}
 j - a scroll of blinking {unknown}
 k - a scroll of identify {unknown}
 o - 2 scrolls of remove curse {unknown}
 p - a scroll of teleportation {unknown}
 q - a scroll of immolation {unknown}
 u - a scroll of enchant weapon {unknown}
Potions
 i - a potion of invisibility {unknown}
 m - 2 potions of lignification {unknown}
 n - a potion of brilliance {unknown}
 s - 3 potions of haste {unknown}
Comestibles
 d - 2 bread rations
 f - a fruit
 r - a royal jelly


   Skills:
 + Level 1.9 Fighting
 + Level 1.9 Short Blades
 + Level 1.9 Long Blades
 + Level 1.9 Axes
 + Level 1.9 Maces & Flails
 + Level 1.9 Polearms
 + Level 1.9 Staves
 + Level 1.9 Slings
 + Level 1.9 Bows
 + Level 1.9 Crossbows
 + Level 1.9 Throwing
 + Level 1.9 Armour
 + Level 5.0 Dodging
 + Level 4.6 Stealth
   Level 0.0 Stabbing
 + Level 1.9 Shields
   Level 0.0 Traps
 + Level 1.9 Unarmed Combat
 + Level 7.4 Spellcasting
 + Level 3.2 Conjurations
 + Level 1.9 Hexes
 + Level 1.9 Charms
 + Level 3.2 Summonings
 + Level 1.9 Necromancy
 + Level 3.2 Translocations
 + Level 1.9 Transmutations
 + Level 1.9 Fire Magic
 + Level 1.9 Ice Magic
 + Level 1.9 Air Magic
 + Level 1.9 Earth Magic
 + Level 1.9 Poison Magic
 + Level 1.9 Invocations
 + Level 1.9 Evocations


You had 10 spell levels left.
You knew the following spells:

 Your Spells              Type           Power        Failure   Level  Hunger
a - Magic Dart            Conj           ###.         1%          1    None
b - Conjure Flame         Conj/Fire      ###.....     3%          3    None
c - Mephitic Cloud        Conj/Pois/Air  ###.....     3%          3    None
e - Blink                 Tloc           N/A          1%          2    None


Dungeon Overview and Level Annotations

Branches:
Dungeon (3/15)

Altars:
Ru
Trog


Innate Abilities, Weirdness & Mutations

Your experience applies equally to all skills.
You have very sharp teeth.
Your uncanny sense of smell can sniff out nearby items.


Message History

Aim: an orc warrior, wielding a trident and wearing a plate armour (flame, heavily wounded)
The magic dart hits the orc warrior.
The orc warrior is heavily wounded.
The orc warrior is engulfed in blazing flames.
The orc warrior misses you.
Casting: Magic Dart
Confirm with . or Enter, or press ? or * to list all spells.
Aiming: Magic Dart
Press: ? - help, Shift-Dir - straight line, f/p - orc warrior
Aim: an orc warrior, wielding a trident and wearing a plate armour (flame, severely wounded)
The magic dart hits the orc warrior.
The orc warrior is severely wounded.
* * * LOW MAGIC WARNING * * *
The orc warrior is engulfed in blazing flames.
The orc warrior hits you with a trident!!
* * * LOW HITPOINT WARNING * * *
Huge Dmg: -41%(-18hp) hp: 25%(11hp)
Casting: Magic Dart
Confirm with . or Enter, or press ? or * to list all spells.
Aiming: Magic Dart
Press: ? - help, Shift-Dir - straight line, f/p - orc warrior
Aim: an orc warrior, wielding a trident and wearing a plate armour (flame, almost dead)
The magic dart hits the orc warrior.
You kill the orc warrior!
Your Dodging skill increases to level 5!
* * * LOW MAGIC WARNING * * *
Unknown command.
The orc priest calls down the wrath of Beogh upon you.
Beogh smites you!
You die...

....... #.# ....... #..
....o.. #.# ##.(.)...
#.# #...o.... ##.#
#..K...!. ..#####..#
#.$.%....
.........######........
......†..@...§oo.......
.#####<[.).####.......
#.###......[..... #.#
#######)....# #.#
.....# ∆... ∆ ....##
#.# ....# #.# #.#


You could see an orc priest and an orc.

Vanquished Creatures
  An orc warrior (D:3)
  A phantom (D:1)
  An orc wizard (D:3)
  4 gnolls (D:2)
  2 adders (D:2)
  An ooze (D:1)
  A worm (D:2)
  3 dart slugs (D:1)
  A leopard gecko (D:3)
  An orc (D:3)
  3 giant cockroaches
  5 goblins
  5 hobgoblins
  A quokka (D:2)
  2 ball pythons
  6 bats
  4 frilled lizards
  5 kobolds
  6 rats
53 creatures vanquished.

Notes
Turn   | Place    | Note
-------+----------+-------------------------------------------
     0 | D:1      | Monsterracer the Gnoll Wizard began the quest for the Orb.
     0 | D:1      | Reached XP level 1. HP: 13/13 MP: 8/8
   199 | D:1      | Reached XP level 2. HP: 19/19 MP: 7/10
   790 | D:1      | Reached XP level 3. HP: 25/25 MP: 6/11
   795 | D:1      | Learned a level 3 spell: Conjure Flame
   799 | D:1      | Learned a level 3 spell: Mephitic Cloud
   802 | D:1      | Learned a level 2 spell: Blink
  1328 | D:2      | Noticed a phantom
  1391 | D:1      | HP: 8/25 [phantom (8)]
  1397 | D:1      | HP: 6/25 [phantom (1)]
  1400 | D:1      | HP: 2/25 [phantom (3)]
  1441 | D:1      | HP: 5/25 [phantom (1)]
  1495 | D:1      | Killed a phantom
  1495 | D:1      | Reached skill level 1 in Fighting
  1495 | D:1      | Reached skill level 1 in Short Blades
  1495 | D:1      | Reached skill level 1 in Long Blades
  1495 | D:1      | Reached skill level 1 in Axes
  1495 | D:1      | Reached skill level 1 in Maces & Flails
  1495 | D:1      | Reached skill level 1 in Polearms
  1495 | D:1      | Reached skill level 1 in Staves
  1495 | D:1      | Reached skill level 1 in Slings
  1495 | D:1      | Reached skill level 1 in Bows
  1495 | D:1      | Reached skill level 1 in Crossbows
  1495 | D:1      | Reached skill level 1 in Throwing
  1495 | D:1      | Reached skill level 1 in Armour
  1495 | D:1      | Reached skill level 1 in Shields
  1495 | D:1      | Reached skill level 1 in Unarmed Combat
  1495 | D:1      | Reached skill level 1 in Hexes
  1495 | D:1      | Reached skill level 1 in Charms
  1495 | D:1      | Reached skill level 1 in Necromancy
  1495 | D:1      | Reached skill level 1 in Transmutations
  1495 | D:1      | Reached skill level 1 in Fire Magic
  1495 | D:1      | Reached skill level 1 in Ice Magic
  1495 | D:1      | Reached skill level 1 in Air Magic
  1495 | D:1      | Reached skill level 1 in Earth Magic
  1495 | D:1      | Reached skill level 1 in Poison Magic
  1495 | D:1      | Reached skill level 1 in Invocations
  1495 | D:1      | Reached skill level 1 in Evocations
  1495 | D:1      | Reached XP level 4. HP: 12/32 MP: 0/13
  1780 | D:2      | Reached XP level 5. HP: 37/37 MP: 6/14
  1883 | D:2      | Found a bloodstained altar of Trog.
  2322 | D:2      | Found a sacrificial altar of Ru.
  2708 | D:2      | Reached XP level 6. HP: 44/44 MP: 11/16
  2754 | D:3      | Noticed an orc warrior
  2768 | D:3      | HP: 11/44 [orc warrior/trident (18)]
  2769 | D:3      | Killed an orc warrior
  2769 | D:3      | Reached skill level 5 in Dodging
  2772 | D:3      | Killed from afar by an orc priest

Vault maps used:
D:1:      onia_arrival_mini_maze_b
D:2:      lemuel_round_altar, overflow_temple_1_default
D:3:      minmay_roachtagon, uniq_robin, uniq_sigmund

Skill      XL: |  1  2  3  4  5  6 |
---------------+-------------------+-----
Fighting       | 1 |  1.9
Short Blades   | 1 |  1.9
Long Blades    | 1 |  1.9
Axes           | 1 |  1.9
Maces & Flails | 1 |  1.9
Polearms       | 1 |  1.9
Staves         | 1 |  1.9
Slings         | 1 |  1.9
Bows           | 1 |  1.9
Crossbows      | 1 |  1.9
Throwing       | 1 |  1.9
Armour         | 1 |  1.9
Shields        | 1 |  1.9
Unarmed Combat | 1 |  1.9
Hexes          | 1 |  1.9
Charms         | 1 |  1.9
Necromancy     | 1 |  1.9
Transmutations | 1 |  1.9
Fire Magic     | 1 |  1.9
Ice Magic      | 1 |  1.9
Air Magic      | 1 |  1.9
Earth Magic    | 1 |  1.9
Poison Magic   | 1 |  1.9
Invocations    | 1 |  1.9
Evocations     | 1 |  1.9
Conjurations   | 3 |  3.2
Summonings     | 3 |  3.2
Translocations | 3 |  3.2
Dodging        | 5 |  5.0
Stealth        | |  4.6
Spellcasting   | |  7.4

Action                   |  1- 3 |  4- 6 || total
-------------------------+-------+-------++-------
Melee: Dagger            |    16 |       ||    16
 Cast: Magic Dart        |    60 |    69 ||   129
       Conjure Flame     |     1 |     3 ||     4
       Mephitic Cloud    |       |     1 ||     1
 Stab: Sleeping          |     1 |       ||     1
  Eat: Chunk             |     1 |     4 ||     5
Dodge: Dodged            |     9 |     6 ||    15

Table legend:
 A = Spawn XP
 B = Non-spawn XP
 C = Spawn XP percentage of total XP
 D = Spawn monster count
 E = Non-spawn monster count
 F = Spawn count percentage of total count
 G = Total turns spent on level
                    A         B        C        D         E        F      G
               +---------+---------+-------+---------+---------+-------+---------
         Total |       0 |     458 |   0.0 |       0 |      53 |   0.0 |  2772
               +---------+---------+-------+---------+---------+-------+---------
           D:1 |       0 |     160 |   0.0 |       0 |      19 |   0.0 |  1717
           D:2 |       0 |     117 |   0.0 |       0 |      27 |   0.0 |   990
           D:3 |       0 |     181 |   0.0 |       0 |       7 |   0.0 |    65
               +---------+---------+-------+---------+---------+-------+---------

Vault maps used:
D:1:      onia_arrival_mini_maze_b
D:2:      lemuel_round_altar, overflow_temple_1_default
D:3:      minmay_roachtagon, uniq_robin, uniq_sigmund
